 Dungeon Crawl Stone Soup version 0.31.0-7-gf635a9b802 (webtiles) character file.

Game seed: 11281102795613292587

445171 AlmostDecent the Slayer (level 24, 0/176 HPs)
             Began as a Gargoyle Fighter on Jan 22, 2024.
             Was the Champion of Trog.
             Incinerated by a balrug (3 damage)
             ... with a pyre arrow
             ... on level 3 of the Elven Halls on Jan 23, 2024.
             The game lasted 03:58:53 (48605 turns).

AlmostDecent the Slayer (Gargoyle Fighter)         Turns: 48605, Time: 03:58:53

Health: 0/176      AC: 39    Str: 39    XL:     24   Next: 18%
Magic:  7/7        EV: 15    Int: 13    God:    Trog [******]
Gold:   1904       SH: 21    Dex: 12    Spells: 23/23 levels left

rFire   + + +        w - +2 broad axe (antimagic)
rCold   + . .        W - +5 kite shield {reflect}
rNeg    + + .        R - quicksilver dragon scales
rPois   ∞            U - +2 hood of the Assassin {Detect Stab+ Stlth++}
rElec   +            j - scarf {rC+ rF+}
rCorr   +            M - +0 pair of gloves {Str+3}
SInv    +            x - +0 pair of boots "Yfot" {^Drain rF++ Int+2 Dex+3}
Will    ++++.        e - amulet of faith
Stlth   +++          r - ring "Yluilai" {^Contam rN+ Str+6 SInv}
HPRegen 1.49/turn    A - ring of resist corrosion
MPRegen 0.10/turn

%: reflection, faith
@: mighty, on fire, silenced, strong-willed, on berserk cooldown, flying,
regenerating, hasted and slowed, glowing, studying Maces & Flails
A: sickness immunity, AC +18, big wings, negative energy resistance 1,
electricity resistance, torment resistance 1, petrification resistance
}: 2/15 runes: decaying, gossamer
a: Renounce Religion


You were on level 3 of the Elven Halls.
You worshipped Trog.
Trog was exalted by your worship.
You visited 9 branches of the dungeon, and saw 42 of its levels.
You also visited: Bailey, Ice Cave and Volcano.

You collected 5835 gold pieces.
You spent 3931 gold pieces at shops.

Inventory:

Hand Weapons
 k - a +5 broad axe of flaming
 w - a +2 antimagic broad axe (weapon)
 z - a +6 vampiric battleaxe
 F - a +9 broad axe of draining
 L - a +5 broad axe of freezing
Missiles
 J - 4 throwing nets (quivered)
Armour
 a - the +4 tower shield of the Wild Haggis {Rampage rC- Str+2 Dex+6}
   (You found it on level 13 of the Dungeon)

   Str+2:     It affects your strength (+2).
   Dex+6:     It affects your dexterity (+6).
   rC-:       It makes you vulnerable to cold.
   Rampage:   It bestows one free step when moving towards enemies.
 j - a scarf of resistance (worn)
 x - the +0 pair of boots "Yfot" (worn) {^Drain rF++ Int+2 Dex+3}
   (You acquired it on level 2 of the Orcish Mines)

   Int+2:     It affects your intelligence (+2).
   Dex+3:     It affects your dexterity (+3).
   rF++:      It greatly protects you from fire.
   ^Drain:    It drains your maximum health when unequipped.
 G - a +2 cloak
 M - a +0 pair of gloves of strength (worn)
 N - a scarf of repulsion
 R - quicksilver dragon scales (worn)
 U - the +2 hood of the Assassin (worn) {Detect Stab+ Stlth++}
   (You found it on level 11 of the Dungeon)

   Detect:    It allows the wearer to sense nearby creatures.
   Stab+:     It allows the wearer to make particularly effective stabbing
   attacks against helpless or unaware enemies with any weapon.
   Stlth++:   It makes you much more stealthy.
 W - a +5 kite shield of reflection (worn)
Jewellery
 c - an amulet of regeneration
 e - an amulet of faith (around neck)
 l - a ring of protection from fire
 r - the ring "Yluilai" (left hand) {^Contam rN+ Str+6 SInv}
   (You bought it in a shop on level 3 of the Vaults)

   [ring of positive energy]

   Str+6:     It affects your strength (+6).
   rN+:       It protects you from negative energy.
   SInv:      It lets you see invisible.
   ^Contam:   It causes magical contamination when unequipped.
 y - a +5 ring of evasion
 A - a ring of resist corrosion (right hand)
 O - a ring of ice
 X - an amulet of reflection
 Z - a +4 ring of slaying
Wands
 m - a wand of roots (35)
 s - a wand of mindburst (36)
 Y - a wand of light (14)
Scrolls
 f - 7 scrolls of fear
 g - 4 scrolls of revelation
 p - 3 scrolls of teleportation
 q - 8 scrolls of fog
 v - a scroll of summoning
 B - 9 scrolls of poison
 D - 6 scrolls of immolation
 K - 3 scrolls of enchant weapon
 Q - a scroll of silence
 V - a scroll of blinking
Potions
 d - 8 potions of attraction
 h - 9 potions of enlightenment
 n - 2 potions of berserk rage
 o - 7 potions of curing
 t - 6 potions of resistance
 u - 3 potions of haste
 C - 11 potions of ambrosia
 E - a potion of might
 H - 6 potions of mutation
 I - 7 potions of invisibility
Miscellaneous
 b - a phantom mirror
 i - a lightning rod (4/4)


   Skills:
 * Level 25.3 Fighting
 + Level 18.1(18.4) Axes
 + Level 6.4(14.2) Maces & Flails
 * Level 15.3 Armour
 + Level 10.2 Dodging
 * Level 13.3 Stealth
 + Level 23.2 Shields


You had 23 spell levels left.
You didn't know any spells.
Your spell library contained the following spells:

 Spells                   Type           Power      Damage    Failure   Level
 Sandblast                Erth           0%         2d4       36%         1
 Call Canine Familiar     Summ           0%         N/A       75%         3
 Volatile Blastmotes      Fire/Tloc      0%         2d10      75%         3
 Animate Armour           Summ/Erth      0%         N/A       98%         4
 Fulminant Prism          Conj/Alch      0%         3d5       98%         4
 Iskenderun's Mystic Bla  Conj/Tloc      0%         2d3       98%         4
 Lee's Rapid Deconstruct  Erth           0%         3d4*      100%        5
 Sculpt Simulacrum        Ice/Alch       0%         N/A       100%        6
 Monstrous Menagerie      Summ           0%         N/A       100%        7
 Ozocubu's Refrigeration  Ice            0%         4d7       100%        7
 Polar Vortex             Ice            0%         N/A       100%        9


Dungeon Overview and Level Annotations

Branches:
Dungeon (15/15)            Temple (1/1) D:4            Lair (5/5) D:10
  Swamp (4/4) Lair:2       Spider (4/4) Lair:2        Slime (0/5) Lair:5
    Orc (2/2) D:11            Elf (3/3) Orc:2        Vaults (4/5) D:14
  Crypt (0/3) Vaults:3     Depths (4/4) D:15            Zot (0/5) Depths:4
 Bailey (visited)           IceCv (visited)         Volcano (visited)

Altars:
Ashenzari
Cheibriados
Dithmenos
Elyvilon
Fedhas
Gozag
Hepliaklqana
Kikubaaqudgha
Makhleb
Nemelex Xobeh
Okawaru
Qazlal
Ru
Sif Muna
Trog
Uskayaw
Vehumet
Wu Jian
Xom
Yredelemnul
Zin
The Shining One
Jiyva

Shops:
D:4 ?   D:6 !(*   D:7 *   D:9 [   D:10 !   D:11 *   Orc:1 :   Orc:2 !?[[
Elf:1 *   Vaults:2 *   Vaults:3 ==(?   Depths:3 =?

Portals:
Hell: Depths:1 Depths:2 Depths:3 Depths:4
Abyss: Depths:2 Depths:3 Depths:4
Pandemonium: Depths:1 Depths:2
Ziggurat: Depths:1
Trove: D:12 (give horn of Geryon)

Annotations:
D:9 3 runed translucent doors, exclusion: obsidian statue, octoduck's ghost, novice TrSh
Vaults:2 3 runed translucent doors, howech's ghost, veteran MiGl


Innate Abilities, Weirdness & Mutations

You are immune to sickness and miasma.
Your stone body is resilient. (AC +18)
You are immune to poison.
Your large and strong wings let you fly.
You resist negative energy. (rN+)
You are resistant to electric shocks. (rElec)
You are resistant to unholy torment.
You are immune to petrification.


Message History

The ghostly deep elf death mage is heavily damaged.
You slice the deep elf elementalist!!
The deep elf elementalist's magic leaks into the air.
You closely miss the balrug.
You barely miss the ghostly deep elf death mage.
You slash the Hell Sentinel!
The Hell Sentinel's magic leaks into the air.
You hit the ghostly deep elf sorcerer.
The ghostly deep elf sorcerer's magic leaks into the air.
You slash the ghostly deep elf death mage!
The ghostly deep elf death mage's magic leaks into the air.
The balrug gestures at you. The pyre arrow hits you.
You are covered in intense liquid fire!
You block the ghostly deep elf death mage's attack.
The ghostly deep elf death mage hits you but does no damage.
The deep elf demonologist gestures wildly while chanting.
The ghostly deep elf death mage hits you but does no damage.
The ghostly deep elf demonologist casts a spell.
The deep elf demonologist gestures wildly while chanting.
The deep elf archer is empowered by the deep elf high priest's aura! x2
The ghostly deep elf sorcerer is empowered by the deep elf high priest's aura!
The deep elf zephyrmancer is empowered by the deep elf high priest's aura! x2
The ghostly deep elf sorcerer misses you.
Okay, then.
You open the ghostly deep elf death mage like a pillowcase!!!
The ghostly deep elf death mage's magic leaks into the air.
The ghostly deep elf death mage is almost destroyed.
You slash the ghostly deep elf death mage!
The ghostly deep elf death mage's magic leaks into the air.
You slice the Hell Sentinel!!
The Hell Sentinel's magic leaks into the air.
You barely miss the ghostly deep elf sorcerer.
You slice the ghostly deep elf death mage!!
The ghostly deep elf death mage's magic leaks into the air.
You slash the deep elf elementalist!
The deep elf elementalist's magic leaks into the air.
You slice the balrug!!
The balrug's magic leaks into the air.
The liquid fire burns you!
You die...

....... ....e# #
##.. .#ee## .#
.###..e #....##
... ..#....
##2ee..#....
......e #.4eee....
#*..e, ###eeeee#,
#.ee,##e##e2@e# #
#.e#4eeee#e1##
#...#e2.4eeeee1e#,
...eeee§323e3eee.
....e1##2e212##..
..#..{ #.ee##....
! ##.{ ##1## ...#
.. 2..# .... $.
($#


You could see 3 Hell Sentinels, 2 deep elf blademasters, an Ice Fiend
(summoned), 3 deep elf death magi, 4 ghostly deep elf death magi, a lorocyproca
(summoned, invisible), 2 balrugs, a deep elf master archer, a reaper (summoned),
a deep elf annihilator (empowered), 2 deep elf sorcerers, a ghostly deep elf
sorcerer (empowered, magic disrupted), 4 deep elf elementalists, a ghostly deep
elf elementalist (fast, empowered, repels missiles), a sun demon (summoned), a
shadow demon (summoned), 4 deep elf demonologists, 2 ghostly deep elf
demonologists, 3 deep elf archers, 2 deep elf high priests, 2 rust devils, 2
deep elf zephyrmancers, a sixfirhy (summoned), a tormentor (summoned), a neqoxec
(summoned) and a chaos spawn (summoned).

Vanquished Creatures
  Frederick (Vaults:2)
  An ancient lich (Depths:3)
  A dread lich (Depths:3)
  A juggernaut (Depths:1)
  Sojobo (Depths:4)
  Vv (Depths:3)
  Nikola (Swamp:3)
  4 golden dragons
  Norris (Vaults:1)
  Arachne (Spider:3)
  Rupert (Spider:1)
  The ghost of Esekla the Eclecticist, an adept FoHW of Vehumet (Vaults:3)
  A titan (Depths:2)
  2 tentacled monstrosities (Swamp:4)
  A lich (Depths:3)
  A deep elf master archer (Elf:3)
  3 quicksilver dragons
  A sphinx (Vaults:1)
  Agnes (D:14)
  Frances (Swamp:1)
  Roxanne (Swamp:2)
  A thorn hunter (Swamp:4)
  Aizul (Vaults:1)
  6 tengu reavers
  2 shadow dragons (Depths:4)
  A storm dragon (Depths:4)
  A revenant (Vaults:2)
  4 emperor scorpions
  Donald (Spider:1)
  4 fenstrider witches (Swamp:4)
  5 fire giants
  5 frost giants
  2 deep elf sorcerers
  A ghost moth (Spider:4)
  A balrug (Depths:3)
  8 vault wardens
  The ghost of olmar the Bludgeoner, a journeyman AtFi of Gozag (Lair:5)
  2 deep elf elementalists (Elf:3)
  A draconian annihilator (Depths:4)
  A draconian stormcaller (Depths:4)
  A curse skull (Vaults:3)
  12 ironbound preservers
  4 broodmothers
  A spriggan defender (Depths:3)
  5 ironbound thunderhulks
  2 orc warlords
  8 stone giants
  25 very ugly things
  5 formless jellyfish
  14 dire elephants
  2 white draconians
  A vampire knight (Vaults:3)
  2 deep elf demonologists
  2 eleionomae
  A yellow draconian (Depths:4)
  3 deep elf death magi
  2 red draconians
  2 war gargoyles
  Azrael (Elf:1)
  3 deep elf annihilators
  3 bunyips
  A blizzard demon (Swamp:4)
  7 ettins
  2 spark wasps (Depths:4)
  8 yaktaur captains
  5 great orbs of eyes
  9 entropy weavers
  3 fire dragons
  3 shambling mangroves
  Josephine (Lair:4)
  A deep elf high priest (Elf:1)
  Fannar (D:11)
  Erolcha (D:11)
  4 vault guards (Vaults:1)
  5 rakshasas
  9 alligators
  3 centaur warriors
  2 peacekeepers
  A merfolk avatar (Lair:5)
  12 hydras
  5 ice dragons
  A ghost crab (Swamp:4)
  8 spriggan air magi
  A two-headed ogre (shapeshifter) (Depths:4)
  A radroach (Spider:3)
  3 ogre magi
  The ghost of Jingleheimer the Martial Artist, a journeyman OpSh of Gozag (D:11)
  2 catoblepae
  11 ironbound frosthearts
  12 two-headed ogres
  6 tengu warriors
  Erica (D:8)
  31 dancing weapons
  9 deep troll shamans
  10 boulder beetles
  7 demonic crawlers
  8 deep troll earth magi
  7 death yaks
  6 spriggan berserkers
  2 soul eaters
  6 hell knights (Depths:4)
  3 vampire magi
  2 sun demons (Depths:3)
  7 orc high priests
  13 deep elf knights
  16 spriggans
  7 occultists
  9 iron trolls
  6 pharaoh ants
  7 skysharks
  9 glowing orange brains
  2 sixfirhies (Swamp:4)
  Amaemon (Lair:1)
  A skeletal warrior (Vaults:3)
  A flayed ghost (Depths:3)
  A shadow demon (Depths:2)
  A deep troll (shapeshifter) (Vaults:1)
  4 goliath frogs
  A sun moth (Spider:2)
  An orb spider (shapeshifter) (Depths:3)
  54 deep trolls
  A spriggan druid (Swamp:4)
  The ghost of Hildebrand the Cleaver, a novice MiBe of Trog (D:8)
  17 arcanists
  3 swamp dragons
  An orange crystal statue (IceCv)
  10 deep elf archers
  6 bog bodies
  4 orb spiders (Spider:4)
  30 deep elf pyromancers
  A phantasmal warrior (Vaults:3)
  7 steelbarb worms
  7 lindwurms
  4 harpies
  5 necromancers
  26 deep elf zephyrmancers
  An oklob plant (Lair:2)
  10 ironbound convokers
  18 wolf spiders
  4 cyclopes
  57 ugly things
  9 orc knights
  4 manticores
  3 will-o-the-wisps (Swamp:3)
  2 human zombies (Vaults:4)
  A shining eye (shapeshifter) (Depths:4)
  A faun (shapeshifter) (Vaults:2)
  8 orc sorcerers
  22 elephants
  An ice statue (Vaults:4)
  A moth of wrath (Spider:4)
  Joseph (D:9)
  2 rust devils (Depths:2)
  A kobold blastminer (Orc:1)
  5 orange demons
  4 meliai
  2 molten gargoyles (Volcano)
  17 vault sentinels
  A smoke demon (Swamp:4)
  7 torpor snails
  2 black mambas
  A water nymph (shapeshifter) (Depths:2)
  Maggie (D:9)
  8 cane toads
  9 komodo dragons
  12 yaktaurs
  27 rime drakes
  5 tengu conjurers
  An efreet (D:15)
  3 freezing wraiths (Swamp:3)
  Psyche (D:9)
  5 trolls
  2 hellwings (Swamp:4)
  7 tyrant leeches
  A merfolk (shapeshifter) (D:15)
  16 polar bears
  15 tarantellas
  20 hornets
  13 blink frogs
  A snapping turtle (Lair:5)
  4 dream sheep (Lair:3)
  2 glass eyes
  Prince Ribbit (D:9)
  An ettin zombie (Vaults:4)
  32 jumping spiders
  Sigmund (D:5)
  19 culicivoras
  5 air elementals
  3 shadows
  15 slime creatures
  2 water elementals
  7 wraiths
  3 basilisks
  5 fire elementals
  5 vampire mosquitoes
  53 yaks
  5 wyverns
  A fire bat (Volcano)
  3 steam dragons
  40 redbacks
  4 chaos spawn (Swamp:4)
  17 swamp worms
  16 water moccasins
  A glowing shapeshifter zombie (Vaults:4)
  3 hell hounds (Elf:1)
  An acid dragon (shapeshifter) (Vaults:2)
  A swamp drake (Swamp:2)
  33 orc warriors
  2 ice beasts
  A black bear (shapeshifter) (D:15)
  9 ogres
  9 wolves
  A boggart (Vaults:3)
  4 centaurs
  3 phantoms (D:5)
  2 kobold brigands (D:9)
  3 earth elementals
  3 scorpions
  7 bullfrogs
  A glowing shapeshifter simulacrum (Vaults:4)
  14 wights
  6 killer bees (D:8)
  6 howler monkeys
  4 electric eels
  3 vampire bats (Lair:5)
  2 centaur zombies (D:8)
  7 hounds
  3 lava snakes (Volcano)
  38 orc priests
  4 bombardier beetles (D:6)
  2 jellies
  A gnoll bouda (D:4)
  2 sleepcaps
  Ijyb (D:5)
  2 iguanas (D:6)
  34 orc wizards
  2 hell rats (Lair:2)
  6 gnolls
  9 adders
  11 river rats
  A white imp (D:6)
  3 dart slugs
  2 ribbon worms
  92 orcs
  10 bats
  7 endoplasms
  9 giant cockroaches
  14 goblins
  7 hobgoblins
  7 jackals (D:3)
  7 quokkas
  7 ball pythons
  3 frilled lizards
  24 kobolds
  5 rats
  A spectral weapon (Swamp:4)
1675 creatures vanquished.

Vanquished Creatures (collateral kills)
  A tengu reaver (Depths:4)
  An orc warlord (Vaults:3)
  A broodmother (Spider:4)
  A spriggan defender (Depths:3)
  A very ugly thing (Depths:3)
  2 ettins (D:13)
  A spriggan air mage (Depths:3)
  A deep troll shaman (Depths:3)
  An orc high priest (Vaults:3)
  A pharaoh ant (Spider:4)
  2 deep trolls (Depths:3)
  3 orc knights (Vaults:3)
  A hornet (Depths:3)
  A redback (Spider:4)
  An orc warrior (Vaults:3)
  2 orcs
21 creatures vanquished.

Vanquished Creatures (others)
  A fire giant (Depths:4)
  A blizzard demon (Swamp:4)
  3 deep elf knights (Elf:1)
  A deep troll (Vaults:2)
  A deep elf zephyrmancer (Elf:2)
  A deep elf pyromancer (Elf:1)
  An ugly thing (Depths:4)
  A polar bear (IceCv)
  A quokka (Depths:4)
  15 foxfires
26 creatures vanquished.

Grand Total: 1722 creatures vanquished

Notes
Turn   | Place    | Note
-------+----------+-------------------------------------------
     0 | D:1      | AlmostDecent the Gargoyle Fighter began the quest for the
                  | Orb.
     0 | D:1      | Reached XP level 1. HP: 14/14 MP: 1/1
   134 | D:1      | Reached XP level 2. HP: 15/19 MP: 2/2
   618 | D:2      | Reached XP level 3. HP: 23/23 MP: 3/3
   797 | D:2      | Got the Compendium of the Called Crater
  1301 | D:3      | Reached XP level 4. HP: 28/28 MP: 4/4
  2206 | D:4      | Reached XP level 5. HP: 22/32 MP: 5/5
  2348 | D:4      | Reached XP level 6. HP: 17/38 MP: 6/6
  2352 | D:4      | HP: 1/38 [wight/+2 heavy spear (6)]
  2354 | D:4      | Reached skill level 5 in Axes
  2786 | D:4      | Found Naonem's Magic Scroll Emporium.
  2791 | D:4      | Bought a scroll of identify for 26 gold pieces
  2791 | D:4      | Bought a scroll of teleportation for 39 gold pieces
  2913 | D:4      | Reached XP level 7. HP: 14/42 MP: 7/7
  3176 | D:4      | Found an opulent altar of Gozag.
  3425 | D:4      | Found a staircase to the Ecumenical Temple.
  3434 | Temple   | Entered the Ecumenical Temple
  3467 | Temple   | Became a worshipper of Trog the Wrathful
  3510 | D:5      | Entered Level 5 of the Dungeon
  3527 | D:5      | Reached skill level 4 in Fighting
  3775 | D:5      | Noticed Sigmund
  3782 | D:6      | Found Ockol's Weapon Boutique.
  3835 | D:6      | Reached XP level 8. HP: 18/48 MP: 8/8
  4031 | D:6      | Found an iron altar of Okawaru.
  4031 | D:6      | Found a sacrificial altar of Ru.
  4168 | D:6      | Reached skill level 5 in Armour
  4383 | D:6      | Reached * piety under Trog
  4451 | D:6      | Found Otuir's Assorted Antiques.
  4466 | D:6      | Bought a scroll of identify for 46 gold pieces
  4466 | D:6      | Bought a scroll of identify for 46 gold pieces
  4466 | D:6      | Bought a scroll of identify for 46 gold pieces
  4573 | D:6      | Found Leniuthra's Distillery.
  4776 | D:5      | Noticed Ijyb
  4784 | D:5      | Killed Ijyb
  5038 | D:5      | Reached XP level 9. HP: 53/53 MP: 9/9
  5317 | D:5      | Found a snail-covered altar of Cheibriados.
  5332 | D:5      | Killed Sigmund
  5333 | D:5      | Reached skill level 1 in Dodging
  5515 | D:6      | Bought a potion of heal wounds for 55 gold pieces
  5533 | D:7      | Reached skill level 5 in Fighting
  5775 | D:7      | Found Varophuc's CLEARANCE SALE!.
  5780 | D:7      | Bought a scroll of identify for 8 gold pieces
  5898 | D:7      | Reached ** piety under Trog
  6248 | D:8      | Reached skill level 10 in Axes
  6392 | D:8      | Found a runed translucent gate.
  6392 | D:8      | Found a runed translucent gate.
  6392 | D:8      | Found a runed translucent gate.
  6392 | D:8      | Noticed Hildebrand's ghost (novice MiBe)
  6394 | D:8      | Found a basalt altar of Yredelemnul.
  6427 | D:8      | Killed Hildebrand's ghost
  6428 | D:8      | Reached XP level 10. HP: 60/60 MP: 10/10
  6588 | D:8      | Noticed Erica
  6609 | D:8      | Killed Erica
  6629 | D:8      | Reached skill level 6 in Fighting
  6842 | D:8      | Reached skill level 5 in Shields
  7058 | D:8      | Found a hide-covered altar of Uskayaw.
  7181 | D:9      | Found a shimmering blue altar of Sif Muna.
  7181 | D:9      | Found a radiant altar of Vehumet.
  7181 | D:9      | Found an ornate altar of the Wu Jian Council.
  7215 | D:9      | Reached *** piety under Trog
  7220 | D:9      | Noticed Psyche
  7233 | D:9      | Killed Psyche
  7376 | D:9      | Noticed Joseph
  7395 | D:9      | Killed Joseph
  7545 | D:9      | Noticed Maggie
  7555 | D:9      | Killed Maggie
  7556 | D:9      | Reached XP level 11. HP: 66/66 MP: 11/11
  7658 | D:9      | Noticed Prince Ribbit
  7673 | D:9      | Found a runed translucent gate.
  7677 | D:9      | Found a runed translucent gate.
  7681 | D:9      | Killed Prince Ribbit
  7705 | D:9      | Found an opulent altar of Gozag.
  7706 | D:9      | Found a runed translucent gate.
  7706 | D:9      | Noticed an obsidian statue
  7708 | D:9      | Noticed octoduck's ghost (novice TrSh)
  7708 | D:9      | Noticed a centaur warrior
  7708 | D:9      | Noticed a boulder beetle
  7789 | D:9      | Found an ancient bone altar of Kikubaaqudgha.
  7893 | D:9      | Found Cont's Armour Shop.
  7896 | D:9      | Bought a +0 pair of gloves of strength for 172 gold pieces
  7953 | D:10     | Entered Level 10 of the Dungeon
  7976 | D:10     | Noticed a two-headed ogre
  7977 | D:10     | Found Jene's Distillery.
  7985 | D:10     | Killed a two-headed ogre
  8080 | D:10     | Found a staircase to the Lair.
  8132 | D:10     | Found a flagged portal.
  8141 | Bailey   | Entered a bailey
  8162 | Bailey   | Noticed an orc warlord
  8227 | Bailey   | Found a runed translucent gate.
  8227 | Bailey   | Found a runed translucent gate.
  8245 | Bailey   | Found a runed translucent gate.
  8246 | Bailey   | Noticed an orc knight
  8260 | Bailey   | Killed an orc knight
  8260 | Bailey   | Reached **** piety under Trog
  8276 | Bailey   | Reached skill level 7 in Fighting
  8364 | Bailey   | Killed an orc warlord
  8391 | Bailey   | Identified the +6 scale mail "Xemop" {Int+3}
  9000 | D:10     | Found a stormy altar of Qazlal.
  9261 | D:11     | Found Waxeweur's Assorted Antiques.
  9265 | D:11     | Noticed a two-headed ogre
  9270 | D:11     | Killed a two-headed ogre
  9327 | D:11     | Noticed a boulder beetle
  9350 | D:11     | Killed a boulder beetle
  9365 | D:11     | Noticed a two-headed ogre
  9375 | D:11     | Killed a two-headed ogre
  9436 | D:11     | Noticed a red ugly thing
  9445 | D:11     | Killed a red ugly thing
  9514 | D:11     | Found a staircase to the Orcish Mines.
  9642 | D:11     | Noticed Fannar
  9654 | D:11     | Reached XP level 12. HP: 72/72 MP: 12/12
  9671 | D:11     | Killed Fannar
  9878 | D:11     | Reached skill level 1 in Stealth
  9982 | D:11     | Identified the +2 plate armour of Tenacity {*Corrode Dex+5}
 10025 | D:11     | Noticed a two-headed ogre
 10033 | D:11     | Killed a two-headed ogre
 10141 | D:11     | Noticed Erolcha
 10150 | D:11     | Killed Erolcha
 10151 | D:11     | Reached skill level 8 in Fighting
 10212 | D:11     | Found a runed translucent gate.
 10213 | D:11     | Found a runed translucent gate.
 10213 | D:11     | Noticed Jingleheimer's ghost (journeyman OpSh)
 10214 | D:11     | Found a runed translucent gate.
 10217 | D:11     | Identified the +0 chain mail "Put-Me-On" {+Blink rPois
                  | Will-}
 10275 | D:11     | Found the +2 hood of the Assassin {Detect Stab+ Stlth++}
 10296 | D:11     | Killed Jingleheimer's ghost
 10504 | D:11     | Reached skill level 15 in Axes
 10598 | Lair:1   | Entered Level 1 of the Lair of Beasts
 10852 | Lair:1   | You fall into a shaft and drop 1 floor!
 10863 | Lair:2   | Noticed a skyshark
 10870 | Lair:2   | Killed a skyshark
 10977 | Lair:1   | Reached XP level 13. HP: 45/80 MP: 13/13
 10987 | Lair:1   | Reached skill level 9 in Fighting
 11227 | Lair:1   | Noticed Amaemon
 11250 | Lair:1   | Killed Amaemon
 12276 | Lair:2   | Found a hole to the Spider Nest.
 13028 | Lair:2   | Reached ***** piety under Trog
 13086 | Lair:2   | Found a staircase to the Swamp.
 13659 | Lair:3   | Reached skill level 10 in Fighting
 13731 | Lair:3   | Gained mutation: Your large and strong wings let you fly.
                  | [Gargoyle growth]
 13731 | Lair:3   | Reached XP level 14. HP: 67/88 MP: 14/14
 14189 | Lair:4   | Reached XP level 15. HP: 93/93 MP: 15/15
 14449 | Lair:4   | Noticed Josephine
 14453 | Lair:4   | Reached skill level 1 in Maces & Flails
 14463 | Lair:4   | Killed Josephine
 14750 | Lair:5   | Entered Level 5 of the Lair of Beasts
 14764 | Lair:4   | Reached skill level 11 in Fighting
 14820 | Lair:4   | Reached skill level 10 in Armour
 15004 | Lair:4   | Reached skill level 5 in Stealth
 15157 | Lair:4   | Reached skill level 5 in Dodging
 15426 | Lair:5   | Found a viscous altar of Jiyva.
 15426 | Lair:5   | Found a staircase to the Slime Pits.
 15515 | Lair:5   | Noticed olmar's ghost (journeyman AtFi)
 15613 | Lair:5   | Found a runed translucent gate.
 15613 | Lair:5   | Found a runed translucent gate.
 15613 | Lair:5   | Found a runed translucent gate.
 15644 | Lair:5   | Reached skill level 12 in Fighting
 15652 | Lair:5   | Killed olmar's ghost
 15852 | Lair:5   | Received a gift from Trog
 16694 | Orc:1    | Entered Level 1 of the Orcish Mines
 16919 | Orc:1    | Reached skill level 13 in Fighting
 16959 | Orc:1    | Found Faip's Book Emporium.
 16979 | Orc:1    | Paralysed by an orc sorcerer for 3 turns
 16994 | Orc:1    | Found a dark tunnel.
 17008 | Volcano  | Entered a volcano
 17192 | Volcano  | Found a burning altar of Makhleb.
 17214 | Volcano  | Reached XP level 16. HP: 102/104 MP: 16/16
 17823 | Orc:2    | Entered Level 2 of the Orcish Mines
 17890 | Orc:2    | Received a gift from Trog
 18391 | Orc:2    | Found Fuff's Distillery.
 18391 | Orc:2    | Found Ulialuppu's Magic Scroll Shop.
 18400 | Orc:2    | Found Pawaugua's Armour Boutique.
 18400 | Orc:2    | Found Konikhlio's Antique Armour Boutique.
 18447 | Orc:2    | Bought a potion of heal wounds for 55 gold pieces
 18447 | Orc:2    | Bought a potion of heal wounds for 55 gold pieces
 18447 | Orc:2    | Bought a potion of heal wounds for 55 gold pieces
 18448 | Orc:2    | Bought a scroll of acquirement for 832 gold pieces
 18448 | Orc:2    | Acquired the +0 pair of boots "Yfot" {^Drain rF++ Int+2
                  | Dex+3}
 18597 | Orc:2    | Found a staircase to the Elven Halls.
 18671 | Orc:2    | Found a shimmering altar of Xom.
 19286 | D:12     | Found a portal to a secret trove of treasure.
 19584 | D:12     | Identified the +2 chain mail "Ankih" {Str+2 Int-4 Dex+3}
 19698 | D:12     | Received a gift from Trog
 19810 | D:12     | Reached skill level 14 in Fighting
 20613 | D:13     | Found an iron altar of Okawaru.
 20613 | D:13     | Noticed a tengu reaver
 20613 | D:13     | Noticed a tengu reaver
 20814 | D:13     | Killed a tengu reaver
 20821 | D:13     | Killed a tengu reaver
 20826 | D:13     | Identified the +4 tower shield of the Wild Haggis {Rampage
                  | rC- Str+2 Dex+6}
 21161 | D:14     | Found a gate to the Vaults.
 21279 | D:14     | Noticed Agnes
 21309 | D:14     | Killed Agnes
 21694 | D:15     | Entered Level 15 of the Dungeon
 21745 | D:15     | Reached skill level 10 in Shields
 22341 | D:15     | Found a staircase to the Depths.
 22351 | D:15     | Reached skill level 15 in Fighting
 22525 | Swamp:1  | Entered Level 1 of the Swamp
 23051 | Swamp:1  | Reached XP level 17. HP: 113/113 MP: 17/17
 23052 | Swamp:1  | Noticed Frances
 23061 | Swamp:1  | Killed Frances
 23594 | Swamp:2  | Noticed Roxanne
 23614 | Swamp:2  | Killed Roxanne
 23918 | Swamp:3  | Reached skill level 5 in Maces & Flails
 24121 | Swamp:3  | Found a glacial archway.
 24127 | IceCv    | Entered an ice cave
 24484 | IceCv    | Received a gift from Trog
 24586 | IceCv    | Reached skill level 16 in Fighting
 25024 | IceCv    | Identified the +7 longbow of a treasure trove {freeze, rF+
                  | rN+++ Will-}
 25329 | Swamp:3  | Noticed Nikola
 25350 | Swamp:3  | Killed Nikola
 25799 | Swamp:4  | Entered Level 4 of the Swamp
 26154 | Swamp:4  | Reached XP level 18. HP: 122/122 MP: 18/18
 26195 | Swamp:4  | Received a gift from Trog
 26333 | Swamp:4  | Noticed a tentacled monstrosity
 26340 | Swamp:4  | Killed a tentacled monstrosity
 26341 | Swamp:4  | Reached skill level 17 in Fighting
 26441 | Swamp:4  | Noticed a tentacled monstrosity
 26450 | Swamp:4  | Killed a tentacled monstrosity
 26452 | Swamp:4  | Identified the +4 trident "Ybreahuecs" {flame, rPois rC-
                  | Dex+7}
 26540 | Swamp:4  | Reached skill level 15 in Shields
 26655 | Swamp:4  | Got a decaying rune of Zot
 26737 | Swamp:4  | Identified the +5 broad axe of the Apocalypse {heavy, rF+
                  | rCorr Str-2} (Trog gifted it to you on level 4 of the
                  | Swamp)
 26737 | Swamp:4  | Received a gift from Trog
 26964 | Spider:1 | Entered Level 1 of the Spider Nest
 26984 | Spider:1 | Noticed Donald
 26985 | Spider:1 | Noticed Rupert
 27010 | Spider:1 | Killed Donald
 27021 | Spider:1 | Killed Rupert
 27687 | Spider:2 | Identified the +1 ring mail of the Forest {Harm}
 28793 | Spider:3 | Noticed Arachne
 28820 | Spider:3 | Killed Arachne
 29850 | Spider:4 | Entered Level 4 of the Spider Nest
 29863 | Spider:4 | Received a gift from Trog
 29874 | Spider:3 | Reached skill level 18 in Fighting
 29925 | Spider:4 | Reached XP level 19. HP: 124/130 MP: 19/19
 30384 | Spider:4 | Received a gift from Trog
 31305 | Spider:4 | Got a gossamer rune of Zot
 31364 | Spider:4 | Reached ****** piety under Trog
 31593 | Vaults:1 | Entered Level 1 of the Vaults
 31962 | Vaults:1 | Received a gift from Trog
 32074 | Vaults:1 | Identified the serpent talisman of Dramatic Exits {rC-
                  | rCorr Str+2 Int+3}
 32074 | Vaults:1 | Noticed Aizul
 32092 | Vaults:1 | Killed Aizul
 32114 | Vaults:1 | Reached skill level 19 in Fighting
 33031 | Vaults:1 | Noticed Norris
 33040 | Vaults:1 | Received a gift from Trog
 33041 | Vaults:1 | Reached XP level 20. HP: 134/139 MP: 20/20
 33058 | Vaults:1 | Killed Norris
 33277 | Vaults:1 | Upgraded the game from 0.31.0-4-g52a2dc7128 to
                  | 0.31.0-7-gf635a9b802
 33757 | Vaults:2 | Identified the +0 robe "Jeas" {rC++ rN+ Str+7}
 33932 | Vaults:2 | Reached skill level 20 in Fighting
 34156 | Vaults:2 | Identified the orb "Alopawke" {*channel, Str+2}
 34156 | Vaults:2 | Noticed Frederick
 34178 | Vaults:2 | Killed Frederick
 34349 | Vaults:2 | Received a gift from Trog
 34917 | Vaults:2 | Found a runed translucent gate.
 34917 | Vaults:2 | Found a runed translucent gate.
 34917 | Vaults:2 | Found a runed translucent gate.
 34918 | Vaults:2 | Noticed howech's ghost (veteran MiGl)
 35218 | Vaults:2 | Found Adwom's Assorted Antiques.
 35226 | Vaults:2 | Bought a scroll of revelation for 285 gold pieces
 35226 | Vaults:2 | Bought a thick fluorescent amulet for 190 gold pieces
 35632 | Vaults:3 | Found Meusiuci's Jewellery Emporium.
 35836 | Vaults:3 | Found a staircase to the Crypt.
 36066 | Vaults:3 | Received a gift from Trog
 36089 | Vaults:3 | Found a runed translucent gate.
 36089 | Vaults:3 | Found a runed translucent gate.
 36089 | Vaults:3 | Found a runed translucent gate.
 36089 | Vaults:3 | Noticed Esekla's ghost (adept FoHW)
 36125 | Vaults:3 | Killed Esekla's ghost
 36152 | Vaults:3 | Found Idam's Antique Weapon Boutique.
 36253 | Vaults:3 | Reached skill level 21 in Fighting
 36438 | Vaults:3 | Reached XP level 21. HP: 146/148 MP: 21/21
 36727 | Vaults:3 | Received a gift from Trog
 36930 | Vaults:3 | Found Reimoil's Jewellery Boutique.
 36938 | Vaults:3 | Bought the ring "Yluilai" {^Contam rN+ Str+6 SInv} for 687
                  | gold pieces
 37139 | Vaults:3 | Found Waycwobo's Magic Scroll Shoppe.
 37146 | Vaults:3 | Bought a scroll of acquirement for 988 gold pieces
 37147 | Vaults:3 | Acquired 973 gold pieces
 38104 | Vaults:4 | Received a gift from Trog
 38105 | Vaults:4 | Reached skill level 22 in Fighting
 38639 | Depths:1 | Entered Level 1 of the Depths
 38690 | Depths:1 | Found a glowing silver altar of Zin.
 38839 | Depths:1 | Noticed a juggernaut
 38853 | Depths:1 | HP: 11/226 [juggernaut (9)]
 38872 | Depths:1 | Killed a juggernaut
 39232 | Depths:1 | Found a one-way gateway to a ziggurat.
 39324 | Depths:1 | You are sucked into a shaft and drop 1 floor!
 39393 | Depths:2 | Received a gift from Trog
 39398 | Depths:2 | Reached XP level 22. HP: 132/158 MP: 22/22
 39704 | Depths:2 | Identified the +10 sling of the Unseen Realm {freeze, rF+
                  | Will+}
 39766 | Depths:1 | Found a gateway to Hell.
 40181 | Depths:1 | Found a one-way gate leading to the halls of Pandemonium.
 40309 | Depths:2 | Found a one-way gate to the infinite horrors of the Abyss.
 40720 | Depths:2 | Noticed a golden dragon
 40725 | Depths:2 | Killed a golden dragon
 40856 | Depths:3 | Reached skill level 23 in Fighting
 40856 | Depths:3 | Reached skill level 10 in Stealth
 40866 | Depths:3 | Received a gift from Trog
 41144 | Depths:3 | Found Netou's Magic Scroll Boutique.
 41149 | Depths:3 | Found Qah Tihu's Jewellery Boutique.
 41168 | Depths:3 | Bought a scroll of blinking for 157 gold pieces
 41168 | Depths:3 | Bought a scroll of teleportation for 63 gold pieces
 41168 | Depths:3 | Bought a scroll of teleportation for 63 gold pieces
 41168 | Depths:3 | Bought a scroll of teleportation for 63 gold pieces
 41659 | Depths:3 | Noticed Vv
 41677 | Depths:3 | Received a gift from Trog
 42226 | Depths:3 | Killed Vv
 42537 | Depths:3 | Found an ancient bone altar of Kikubaaqudgha.
 42561 | Depths:3 | Found a shimmering blue altar of Sif Muna.
 42797 | Depths:3 | Noticed an ancient lich
 42797 | Depths:3 | Noticed a dread lich
 42804 | Depths:3 | Paralysed by a dread lich for 4 turns
 42816 | Depths:3 | Killed an ancient lich
 42825 | Depths:3 | Killed a dread lich
 42950 | Depths:3 | Found a shimmering blue altar of Sif Muna.
 43288 | Depths:4 | Entered Level 4 of the Depths
 43303 | Depths:4 | Noticed a golden dragon
 43310 | Depths:4 | Reached XP level 23. HP: 147/167 MP: 7/23
 43327 | Depths:4 | Killed a golden dragon
 43327 | Depths:4 | Noticed a golden dragon
 43336 | Depths:4 | Killed a golden dragon
 43685 | Depths:4 | Received a gift from Trog
 43697 | Depths:4 | Reached skill level 24 in Fighting
 43908 | Depths:4 | Noticed a golden dragon
 43951 | Depths:4 | Killed a golden dragon
 44399 | Depths:4 | Noticed Sojobo
 44406 | Depths:4 | Paralysed by an air elemental for 1 turns
 44410 | Depths:4 | Paralysed by an air elemental for 1 turns
 44412 | Depths:4 | Paralysed by an air elemental for 1 turns
 44415 | Depths:4 | Paralysed by an air elemental for 1 turns
 44421 | Depths:4 | Paralysed by an air elemental for 1 turns
 44428 | Depths:4 | Paralysed by an air elemental for 1 turns
 44431 | Depths:4 | Paralysed by an air elemental for 1 turns
 44715 | Depths:4 | Killed Sojobo
 44816 | Depths:4 | Found a gate to the Realm of Zot.
 44872 | Depths:4 | Found a white marble altar of Elyvilon.
 45975 | Elf:1    | Entered Level 1 of the Elven Halls
 45984 | Elf:1    | Reached skill level 10 in Dodging
 46286 | Elf:1    | Received a gift from Trog
 46341 | Elf:1    | Found Ageirocs's Neck Hole.
 46354 | Elf:1    | Noticed Azrael
 46367 | Elf:1    | Killed Azrael
 46735 | Elf:1    | Paralysed by an air elemental for 1 turns
 47033 | Elf:2    | Found a runed translucent gate.
 47033 | Elf:2    | Found a runed translucent gate.
 47033 | Elf:2    | Found a runed translucent gate.
 47238 | Elf:2    | Reached skill level 15 in Armour
 47289 | Elf:2    | Received a gift from Trog
 47298 | Elf:2    | Reached skill level 25 in Fighting
 47896 | Elf:2    | Reached XP level 24. HP: 160/176 MP: 23/23
 48040 | Elf:2    | Received a gift from Trog
 48468 | Elf:3    | Entered Level 3 of the Elven Halls
 48475 | Elf:3    | Paralysed by an air elemental for 1 turns
 48600 | Elf:3    | HP: 1/176 [ghostly deep elf master archer/arrow (15)]
 48605 | Elf:3    | Incinerated by a balrug

Illustrated notes

Levels and vault maps discovered:
D:1:      mainiacjoe_arrival_reflecting_pool, layout_loops_cross
D:2:      layout_basic, minmay_curled_crystal
D:3:      layout_basic
D:4:      layout_loops_ring, lemuel_tele_altar, minmay_temple_entry_poolview,
          serial_shops, nicolae_shop_statue_plus
D:5:      layout_cave_pods, amcnicky_altar_gilded, gup_sewer_entry_bubbles,
          kennysheep_small_square, uniq_sigmund, uniq_ijyb
D:6:      layout_rooms, mainiacjoe_overflow_divided_tiny, serial_shops,
          shop_statue, nicolae_shop_waterfront, nicolae_stop_n_shop_1,
          minmay_quadrilaterals
D:7:      layout_basic, nicolae_shop_clearance
D:8:      minmay_goldmine, layout_rooms, nicolae_yredelemnul_ghost_church,
          kennysheep_mini, uniq_erica
D:9:      layout_cave_pools, mainiacjoe_overflow_chevrons,
          grunt_temple_overflow_open, serial_shops, kennysheep_mini_moat,
          ebering_ghost_gozag, kennysheep_generic_room_11, uniq_prince_ribbit1,
          uniq_psyche, uniq_maggie, uniq_joseph
D:10:     layout_layer_cave, grunt_qazlal_clouds, erik_lair_island,
          serial_shops, shop_statue, enter_bailey_3
D:11:     layout_irregular_city, david_orc_1_choice, serial_shops, shop,
          biasface_ghost_orc_armoury, hangedman_decor_growths, uniq_erolcha,
          uniq_fannar
D:12:     layout_loops_ring, enter_trove_6, minmay_microvault
D:13:     layout_stronghold, serial_column_ruins, column_ruins_circle_large,
          column_ruins_grid_1, column_ruins_open_medium,
          column_ruins_columns_water, column_ruins_open_large,
          column_ruins_grid_1, mainiacjoe_okawaru_digging_arena
D:14:     layout_rooms, hellmonk_vaults_order_and_chaos, uniq_agnes
D:15:     gammafunk_enter_depths_forms, layout_rooms, nicolae_titane
Temple:   bh_familiar_temple
Lair:1:   layout_layer_cave, evilmike_ambush [evilmike_ambush_outer_basic,
          evilmike_ambush_inner_basic], uniq_amaemon
Lair:2:   layout_chaotic_city, skrybe_swamp_entry_bodies,
          nicolae_spider_entry_lesser_pyramids, minmay_lair_oklob_items,
          kennysheep_rathole
Lair:3:   layout_cave_pods
Lair:4:   layout_misc_corridors, grunt_megastairs_1, uniq_josephine
Lair:5:   gammafunk_lair_ancient_temple, layout_gridlike, slime_entry_1,
          gammafunk_ghost_split, roderic_batcave, serial_bayou_crossing
Swamp:1:  layout_falls_marsh, evilmike_swamp_ruin_rubble_2, uniq_frances
Swamp:2:  layout_falls_marsh, infiniplex_staircase_pool, uniq_roxanne
Swamp:3:  layout_basic_swamp, portal_ice_cave_entry_horrid_things,
          serial_swamp_ruin, evilmike_swamp_ruin_house_6,
          evilmike_swamp_ruin_rubble_1, evilmike_swamp_ruin_house_1, uniq_nikola
Swamp:4:  nzn_swamp_witches_coven, layout_basic_swamp, swamp_pool_1_2
Spider:1: layout_spider_delve, uniq_donald, uniq_rupert
Spider:2: layout_spider_delve
Spider:3: layout_spider_delve, hellmonk_test_site,
          hangedman_spider_tarantella_strand, uniq_arachne
Spider:4: hellmonk_spider_rune_endless_swarm
Orc:1:    layout_caves, serial_shops, nicolae_shop_peninsula,
          nicolae_volcano_entry_lava_flow
Orc:2:    st_orc_mages, layout_caves, basic_altar, mines1_david
Elf:1:    elf_arrival_002, layout_loops_cross, kennysheep_underground_church,
          nicolae_shop_sticking_my_neck_out, uniq_azrael
Elf:2:    elven_hall_of_blades_hangedman_original [nicolae_blade_tridents],
          layout_onion_city, corexii_checkpoint, roderic_roman_lattice
Elf:3:    grunt_elf_hall_diamonds, layout_loops_corners,
          amcnicky_mini_corridor_feature,
          serial_library_hellmonk_reading_circle,
          chequers_hall_statues_corner_a, amcnicky_mini_rare_corridor_liquid,
          minmay_shop_grove
Vaults:1: nicolae_vaults_trapezoid_3, ontoclasm_vaults_ring_large, v_misc_13,
          v_misc_30, vaults_dpeg_spiral, nicolae_vaults_trapezoid_lopsided_1,
          nicolae_vaults_mini_display_case, nicolae_vaults_murderbox,
          vaults_room_grunt_arrival_checkpoint, layout_vaults_omnicross,
          uniq_norris, uniq_aizul
Vaults:2: gammafunk_ghost_spectres, hangedman_surveillance_ring,
          nicolae_vaults_trapezoid_lopsided_2, vaults_standard_mumra_x,
          nicolae_vaults_trapezoid_4, nicolae_vaults_sesquioval_fish,
          nicolae_vaults_offset_grid_hallway_4, v_misc_28,
          nicolae_vaults_alarming, nicolae_vaults_little_squares_3,
          layout_vaults_omnigrid, serial_shops, nicolae_shop_waterfront,
          uniq_frederick
Vaults:3: gammafunk_ghost_split, nicolae_vaults_circle_grid_a,
          vaults_dpeg_emergency_exit, ontoclasm_vaults_eye, v_misc_30,
          minmay_crypt_entry_simple_round, hangedman_vaults_variations,
          v_alt_pattern_6, special_room_vaults [special_room_orc],
          layout_vaults_big_room, serial_shops, shop, nicolae_shop_stone, shop,
          shop
Vaults:4: nicolae_vaults_stepped_doors, nicolae_vaults_house_2,
          dpeg_vaults_monster_row, nicolae_vaults_border_crossing,
          nicolae_vaults_closet_pinwheel_5, ontoclasm_vaults_ligature,
          v_rooms_1, v_alt_pattern_4, v_misc_3, cheibrodos_frozen_isle,
          layout_vaults_omnibox
Depths:1: layout_roguey, enter_ziggurat_e, rand_demon_pan_entry_4,
          minmay_splitting_lines, hangedman_coc_ice_floe, serial_bayou_pond_b,
          wad_floor_pattern_untrapped, zin_academy
Depths:2: grunt_twist_and_shout, layout_basic, rand_demon_pan_entry_5,
          hell_entry, abyss_entry_crystal, kennysheep_just_a_vault
Depths:3: evilmike_library_of_no_secrets, layout_small_grid,
          kiku_gazebo_pond_becter, lightli_too_deep, abyss_entry,
          nicolae_sif_muna_little_library, roderic_lattice_octagonal_star,
          minmay_shop_star, minmay_staircase_windowed_small, uniq_vv
Depths:4: evilmike_zot_entry_diamond, layout_cave_shapes, elyvilon_altar_4,
          nicolae_abyss_entry_one_way_or_another, pf_hell_entry_tar_spiral,
          grunt_megastairs_5, uniq_sojobo

Skill      XL: |  1  2  3  4  5  6  7  8  9 10 11 12 13 14 15 16 17 18 19 20 21 22 23 |
---------------+----------------------------------------------------------------------+-----
Axes           | 2 3 4 5 6 8 10 12 14 16 17 18 | 18.1
Armour         | 4 6 7 8 9 10 11 12 13 14 15 | 15.3
Fighting       | 4 5 6 7 8 10 13 15 16 18 19 21 22 23 25 | 25.3
Shields        | 4 5 6 7 8 11 14 16 18 20 21 22 23 | 23.2
Dodging        | 1 3 4 6 7 8 9 10 | 10.2
Stealth        | 2 4 5 6 7 8 9 11 13 | 13.3
Maces & Flails | 3 4 6 |  6.4

Action                     |  1- 3 |  4- 6 |  7- 9 | 10-12 | 13-15 | 16-18 | 19-21 | 22-24 || total
---------------------------+-------+-------+-------+-------+-------+-------+-------+-------++-------
  Melee: War axe           |   105 |   161 |   389 |   264 |       |       |       |       ||   919
         Broad axe         |       |       |       |   289 |   596 |  1408 |  1335 |   988 ||  4616
         Flail             |       |       |       |       |    39 |    70 |       |       ||   109
 Invoke: Berserk           |       |       |     3 |    14 |    11 |     9 |    13 |    14 ||    64
         Trog's Hand       |       |       |     1 |     7 |     7 |    25 |    18 |    20 ||    78
         Brothers in Arms  |       |       |       |       |     1 |     3 |     1 |     5 ||    10
  Evoke: Wand              |       |       |       |       |       |     1 |       |       ||     1
    Use: Potion            |       |     2 |     4 |     4 |     3 |     8 |    12 |    17 ||    50
         Scroll            |       |     4 |    13 |    14 |     6 |    11 |    10 |     9 ||    67
   Stab: Sleeping          |       |       |       |     6 |    10 |    27 |    20 |    27 ||    90
         Distracted        |       |       |       |       |     1 |     7 |     3 |     4 ||    15
 Armour: Scale mail        |    71 |    57 |       |   185 |   632 |   875 |   675 |   257 ||  2752
         Chain mail        |       |   111 |   298 |   243 |       |       |       |       ||   652
         Skin              |       |       |       |       |       |     2 |       |       ||     2
         Quicksilver drago |       |       |       |       |       |       |       |   471 ||   471
  Dodge: Dodged            |    50 |   105 |   151 |   206 |   324 |   542 |   394 |   332 ||  2104
  Block: Buckler           |    30 |    39 |    77 |    81 |   175 |    59 |       |       ||   461
         Tower shield      |       |       |       |       |       |   720 |   125 |   207 ||  1052
         Kite shield       |       |       |       |       |       |   441 |  1058 |   671 ||  2170
         Reflection        |       |       |       |       |       |     3 |    33 |    40 ||    76
